 Dungeon Sprint DCSS version 0.15-a0-1968-gb423ccb (webtiles) character file.

541 BluebellGnoll the Frost Mage (level 7, -12/36 HPs)
             Began as a Deep Elf Ice Elementalist on July 10, 2014.
             Was an Elder of Sif Muna.
             Mangled by a seven-headed hydra (15 damage)
             ... in the Dungeon (Sprint IX: "|||||||||||||||||||||||||||||").
             The game lasted 00:05:53 (376 turns).

BluebellGnoll the Frost Mage (DEIE)                  Turns: 376, Time: 00:05:53

HP -12/36        AC 15     Str  5      XL: 7   Next:  5%
MP   4/29        EV 13     Int 22      God: Sif Muna [****..]
Gold 0           SH  8     Dex 15      Spells:  6 memorised, 11 levels left

rFire  . . .     SeeInvis .     m - +2 cutlass of Immorality {slice, MR+}
rCold  . . .     Clarity  .     a - +0 robe
rNeg   . . .     rCorr    .     (no shield)
rPois  .         rRot     .     (no helmet)
rElec  .         Spirit   .     (no cloak)
SustAb .         Warding  .     n - +0 pair of gloves
rMut   .         NoTele   +     (no boots)
Gourm  .                        (no amulet)
MR     +....                    p - +2 ring of protection
                                o - +2 ring of protection

@: icy armour, somewhat resistant to hostile enchantments, unstealthy
A: no striking features
a: Channel Energy, Forget Spell, Renounce Religion


You were in the Dungeon.
You worshipped Sif Muna.
Sif Muna was greatly pleased with you.
You were not hungry.

You visited 1 branch

Inventory:

Hand weapons
 m - the +2 cutlass of Immorality (weapon) {slice, MR+}
   (You found it in the Dungeon)

   It inflicts extra damage upon your enemies.
   It affects your resistance to hostile enchantments.
Armour
 a - a +0 robe (worn)
 n - a +0 pair of gloves (worn)
Magical devices
 l - a wand of draining (4)
Comestibles
 c - a bread ration
 j - 4 chunks of yak flesh
 q - 4 chunks of troll flesh
 r - 2 chunks of giant frog flesh
Scrolls
 h - 3 scrolls of remove curse
 i - 2 scrolls of blinking
 k - 2 scrolls of amnesia
Jewellery
 o - a +2 ring of protection (left hand)
 p - a +2 ring of protection (right hand)
Potions
 d - 5 potions of curing
 e - 3 potions of heal wounds
 f - a potion of invisibility
 g - 4 potions of magic
Books
 b - a book of Frost

   Spells                             Type                      Level
   *Freeze                            Ice                          1
   *Throw Frost                       Conjuration/Ice              2
   *Ozocubu's Armour                  Charms/Ice                   3
   *Throw Icicle                      Conjuration/Ice              4
   *Summon Ice Beast                  Ice/Summoning                4
   *Condensation Shield               Ice                          4


   Skills:
 * Level 3.2 Dodging
 - Level 2.4 Stealth
 + Level 11.9 Spellcasting
 - Level 1.1 Conjurations
 - Level 13.1 Ice Magic


You had 11 spell levels left.
You knew the following spells:

 Your Spells              Type           Power        Failure   Level  Hunger
a - Freeze                Ice            ####         1%          1    None
b - Throw Frost           Conj/Ice       #####.       1%          2    None
c - Ozocubu's Armour      Chrm/Ice       #####.....   1%          3    None
d - Condensation Shield   Ice            ######....   1%          4    None
e - Throw Icicle          Conj/Ice       #####...     2%          4    None
f - Summon Ice Beast      Ice/Summ       #####...     3%          4    None


Dungeon Overview and Level Annotations

Branches:
Dungeon (1/1)

Altars:
Cheibriados
Dithmenos
Elyvilon
Fedhas
Gozag
Kikubaaqudgha
Makhleb
Nemelex Xobeh
Okawaru
Qazlal
Sif Muna
Trog
Vehumet
Xom
Yredelemnul
Zin
The Shining One
Beogh
Jiyva
Lugonu


Message History

Evoke which item? (* to show all) (? for menu, Esc to quit)
Zapping:
l - a wand of draining (5)
Press: ? - help, Shift-Dir - straight line, f/p - seven-headed hydra
Aim: a seven-headed hydra (severely wounded)
The bolt of negative energy misses the seven-headed hydra.
The bolt of negative energy hits the worker ant.
The worker ant is drained!
You kill the worker ant!
You have reached level 7!
The bolt of negative energy hits something.
Reactivating autopickup.
Your Dodging skill increases to level 3!
You feel a bit more experienced.
The bolt of negative energy hits the yak.
The yak is drained!
The yak is moderately wounded.
This wand has 4 charges left.
You block the seven-headed hydra's attack.
The seven-headed hydra bites you!
You die... ▓▓▓▓▓▓▓▓▓▓▓▓▓▓▓▓▓▓▓▓▓▓▓▓▓▓▓▓▓▓▓▓▓ _________'..|)[(@D)'.)Y...'...... ▓▓▓▓▓▓▓▓▓▓▓▓▓▓▓▓▓▓▓▓▓▓▓▓▓▓▓▓▓▓▓▓▓

You could see a seven-headed hydra and a yak.

Vanquished Creatures
  An ogre (D)
  A centaur (D)
  A killer bee (D)
  A giant frog (D)
  2 hounds (D)
  An orc wizard (D)
  A worker ant (D)
  A ball python (D)
  A bat (D)
  A giant cockroach (D)
  2 goblins (D)
  A hobgoblin (D)
  A giant newt (D)
  A giant newt zombie (D)
16 creatures vanquished.

Vanquished Creatures (collateral kills)
  A troll (D)
  A yak (D)
2 creatures vanquished.

Vanquished Creatures (others)
  3 ice beasts (D)
3 creatures vanquished.

Grand Total: 21 creatures vanquished

Notes
Turn   | Place    | Note
--------------------------------------------------------------
     0 | D        | BluebellGnoll, the Deep Elf Ice Elementalist, began the quest for the Orb.
     0 | D        | Reached XP level 1. HP: 10/10 MP: 5/5
     7 | D        | Reached skill level 4 in Spellcasting
    10 | D        | Reached skill level 5 in Spellcasting
   153 | D        | Noticed an ogre
   153 | D        | Noticed a hound
   164 | D        | Killed an ogre
   164 | D        | Reached skill level 11 in Spellcasting
   164 | D        | Reached XP level 2. HP: 15/15 MP: 8/18
   164 | D        | Reached XP level 3. HP: 19/19 MP: 9/21
   164 | D        | Reached XP level 4. HP: 24/24 MP: 9/23
   171 | D        | Killed a hound
   171 | D        | Reached skill level 5 in Ice Magic
   213 | D        | Found a glowing silver altar of Zin.
   213 | D        | Found a glowing golden altar of the Shining One.
   213 | D        | Found an ancient bone altar of Kikubaaqudgha.
   213 | D        | Found a basalt altar of Yredelemnul.
   213 | D        | Found a shimmering altar of Xom.
   213 | D        | Found a radiant altar of Vehumet.
   213 | D        | Found an iron altar of Okawaru.
   214 | D        | Found a burning altar of Makhleb.
   215 | D        | Found a deep blue altar of Sif Muna.
   216 | D        | Found a bloodstained altar of Trog.
   217 | D        | Found a sparkling altar of Nemelex Xobeh.
   218 | D        | Found a white marble altar of Elyvilon.
   219 | D        | Found a roughly hewn altar of Beogh.
   220 | D        | Found a viscous altar of Jiyva.
   221 | D        | Found a corrupted altar of Lugonu.
   222 | D        | Found a blossoming altar of Fedhas.
   223 | D        | Found a snail-covered altar of Cheibriados.
   224 | D        | Became a worshipper of Sif Muna the Loreminder
   225 | D        | Found a shadowy altar of Dithmenos.
   226 | D        | Found a stormy altar of Qazlal.
   227 | D        | Found an opulent altar of Gozag.
   245 | D        | Got the +2 cutlass of Immorality {slice, MR+}
   263 | D        | Learned a level 2 spell: Throw Frost
   267 | D        | Learned a level 3 spell: Ozocubu's Armour
   272 | D        | Learned a level 4 spell: Condensation Shield
   277 | D        | Learned a level 4 spell: Throw Icicle
   282 | D        | Learned a level 4 spell: Summon Ice Beast
   284 | D        | Noticed a hound
   284 | D        | Noticed a killer bee
   284 | D        | Noticed a giant frog
   284 | D        | Noticed a troll
   284 | D        | Noticed a yak
   284 | D        | Noticed a centaur
   286 | D        | Killed a giant frog
   286 | D        | Reached XP level 5. HP: 28/28 MP: 15/25
   287 | D        | Killed a hound
   287 | D        | Acquired Sif Muna's first power
   287 | D        | Killed a killer bee
   295 | D        | Killed a troll
   295 | D        | Acquired Sif Muna's second power
   295 | D        | Reached XP level 6. HP: 29/32 MP: 9/27
   298 | D        | Killed a yak
   298 | D        | Reached skill level 12 in Ice Magic
   304 | D        | Killed a centaur
   304 | D        | Acquired Sif Muna's third power
   304 | D        | Reached skill level 13 in Ice Magic
   358 | D        | Noticed a seven-headed hydra
   358 | D        | Noticed a worker ant
   358 | D        | Noticed a sky beast
   358 | D        | Noticed an orc wizard
   358 | D        | Noticed a yak
   376 | D        | Killed a worker ant
   376 | D        | Reached XP level 7. HP: 3/36 MP: 4/29
   376 | D        | Killed an orc wizard
   376 | D        | Mangled by a seven-headed hydra

Action                   |  1- 3 |  4- 6 |  7- 9 || total
-------------------------+-------+-------+-------++-------
Melee: Unarmed           |    15 |       |       ||    15
       Club              |     9 |    15 |       ||    24
 Cast: Freeze            |     7 |    11 |       ||    18
       Ozocubu's Armour  |       |     2 |       ||     2
       Condensation Shie |       |     2 |       ||     2
       Throw Frost       |       |     1 |       ||     1
       Summon Ice Beast  |       |     3 |       ||     3
       Throw Icicle      |       |     4 |       ||     4
Invok: Channel Energy    |       |     9 |       ||     9
Evoke: Wand              |       |     2 |     1 ||     3
  Use: Potion            |     2 |       |       ||     2
  Eat: Chunk             |       |     1 |       ||     1
